 Dungeon Crawl Stone Soup version 0.28-a0-620-g539b0f7ac7 (webtiles) character file.

Game seed: 2149201986644180469

415 sleeves the Sneak (level 6, -3/28 HPs)
             Began as a Vine Stalker Enchanter on Oct 6, 2021.
             Was an Initiate of Kikubaaqudgha.
             Killed from afar by Pikel (19 damage)
             ... with an iceblast
             ... on level 4 of the Dungeon.
             The game lasted 00:11:17 (4432 turns).

sleeves the Sneak (Vine Stalker Enchanter)          Turns: 4432, Time: 00:11:17

Health: -3/28      AC:  4    Str: 10    XL:     6   Next: 91%
Magic:  0/10       EV: 11    Int: 17    God:    Kikubaaqudgha [......]
Gold:   146        SH:  0    Dex: 15    Spells: 1/9 levels left

rFire   . . .      SeeInvis +   a - +1 dagger
rCold   . . .      Faith    .   (no shield)
rNeg    . . .      Spirit   +   o - +0 troll leather armour {Purgy}
rPois   .          Reflect  .   b - +0 mask of the Dragon {Will+ Slay+3 SInv}
rElec   .          Harm     .   (no cloak)
rCorr   .          Rampage  .   (no gloves)
Will    +....                   (no boots)
Stlth   +++.......              (no amulet)
HPRegen 2.09/turn               (no ring)
MPRegen 0.12/turn               (no ring)

@: no status effects
A: fangs 2, regeneration 1, magic shield, antimagic bite, no potion heal 2
a: Renounce Religion


You were on level 4 of the Dungeon.
You worshipped Kikubaaqudgha.
Kikubaaqudgha was noncommittal.
You visited 2 branches of the dungeon, and saw 5 of its levels.

You collected 146 gold pieces.

Inventory:

Hand Weapons
 a - a +1 dagger (weapon)
Armour
 b - the +0 mask of the Dragon (worn) {Will+ Slay+3 SInv}
   (You found it on level 3 of the Dungeon)

   Slay:      It affects your accuracy & damage with ranged weapons and melee
   (+3).
   SInv:      It lets you see invisible.
   Will:      It increases your willpower.
 o - a +0 troll leather armour (worn) {Purgy}
   (You found it on level 3 of the Dungeon)
Magical Staves
 f - a staff of poison
   (You found it on level 1 of the Dungeon)
Jewellery
 s - an amulet of magic regeneration
   (You found it on level 4 of the Dungeon)
Scrolls
 d - a scroll of magic mapping {unknown}
 g - a scroll of summoning {unknown}
 h - a scroll of enchant weapon {unknown}
 i - 2 scrolls of identify {unknown}
 l - 4 scrolls of teleportation {unknown}
 m - a scroll of fog {unknown}
 r - a scroll of fear {unknown}
Potions
 c - a potion of haste {unknown}
 e - 2 potions of curing {unknown}
 j - a potion of brilliance
 k - a potion of heal wounds {unknown}
 n - a potion of flight {unknown}
 p - a potion of lignification {unknown}
 q - 2 potions of magic {unknown}


   Skills:
 - Level 2.1 Short Blades
 - Level 1.5 Dodging
 + Level 6.7 Stealth
 - Level 2.1 Spellcasting
 + Level 5.6 Hexes


You had one spell level left.
You knew the following spells:

 Your Spells              Type           Power      Damage    Failure   Level
a - Ensorcelled Hibernat  Hex/Ice        22%        N/A       12%         2
b - Confusing Touch       Hex            21%        N/A       8%          3
c - Tukima's Dance        Hex            21%        N/A       8%          3

Your spell library contained the following spells:

 Spells                   Type           Power      Damage    Failure   Level
 Dazzling Flash           Conj/Hex       22%        N/A       24%         3


Dungeon Overview and Level Annotations

Branches:
Dungeon (4/15)             Temple (1/1) D:4

Altars:
Cheibriados
Dithmenos
Gozag
Hepliaklqana
Kikubaaqudgha
Okawaru
Ru
Sif Muna
Trog
Uskayaw
Wu Jian
Yredelemnul
The Shining One

Annotations:
D:4 Pikel


Innate Abilities, Weirdness & Mutations

You have extremely sharp teeth.
Your natural rate of healing is unusually fast.
When hurt, damage is shared between your health and your magic reserves.
Your bite disrupts and absorbs the magic of your enemies.
Potions cannot restore your health.


Message History

You hit the dart slug.
The dart slug is moderately wounded.
The dart slug bites you but does no damage.
You hit the dart slug.
The dart slug is heavily wounded.
The dart slug resists with significant effort.
The dart slug barely misses you.
You hit the dart slug.
The dart slug is heavily wounded.
The dart slug launches a dart at you. The slug dart misses you.
You hit the dart slug.
You bite the dart slug, but do no damage.
The dart slug is heavily wounded.
You hit the dart slug.
The dart slug is severely wounded.
The dart slug closely misses you.
You hit the dart slug.
You bite the dart slug, but do no damage.
The dart slug is almost dead.
The dart slug bites you.
You hit the dart slug.
You kill the dart slug!
No target in view!
No target in view!
You see here a dart slug corpse.
d - a scroll labelled ICAT CUYR SOTE You now have 53 gold pieces (gained 11).
You open the large door.
There is a large open door here.
An orc opens the door.
It is wielding a +0 hand axe.
An orc is nearby!
Found a stone staircase leading up.
You catch the helpless orc completely off-guard!
You puncture the orc!
You kill the orc!
No target in view!
No target in view!
You now have 56 gold pieces (gained 3).
There is a large open door here.
You see here a +0 hand axe.
There is a large open door here.
Found a stone staircase leading down.
There is a stone staircase leading down here.
Purgy is nearby!
Purgy is nearby!
You miscast Ensorcelled Hibernation.
You are very lightly contaminated with residual magic.
Nothing appears to happen.
Purgy shouts!
Purgy resists with some effort.
Purgy looks drowsy...
The helpless Purgy fails to defend himself.
You impale Purgy!!
Purgy is severely wounded.
Purgy bites you. Purgy claws you. x2
Purgy is unaffected.
* * * LOW MAGIC WARNING * * *
Purgy snarls, "My home!
Leave!"
Purgy bites you but does no damage. Purgy barely misses you.
Purgy claws you but does no damage.
You don't have enough magic to cast this spell.
You hit Purgy.
Purgy is severely wounded.
Purgy closely misses you. Purgy claws you. Purgy barely misses you.
You miss Purgy.
Purgy is severely wounded.
You barely miss Purgy.
Purgy is severely wounded.
Purgy barely misses you. x2; Purgy claws you.
Your magical contamination has completely faded away.
You hit Purgy. You bite Purgy. You drain his power.
You feel invigorated.
Purgy is severely wounded.
Purgy hisses, "I bite!"
Purgy bites you. Purgy claws you. Purgy barely misses you.
Casting: Ensorcelled Hibernation (safe; 12% risk of failure)
Confirm with . or Enter, or press ? or * to list all spells.
Aiming: Ensorcelled Hibernation (safe; 12% risk of failure)
Press: ? - help, Shift-Dir - straight line, f - you, p - Purgy That would be overly suicidal.
Okay, then.
Unknown command.
Casting: Ensorcelled Hibernation (safe; 12% risk of failure)
Confirm with . or Enter, or press ? or * to list all spells.
Aiming: Ensorcelled Hibernation (safe; 12% risk of failure)
Press: ? - help, Shift-Dir - straight line, f - you That would be overly suicidal.
Okay, then.
You hit Purgy.
Purgy is severely wounded.
Purgy barely misses you. Purgy claws you. Purgy barely misses you.
You miss Purgy. Your bite misses Purgy.
Purgy is severely wounded.
Purgy bites you but does no damage. Purgy claws you. x2
* * * LOW HITPOINT WARNING * * *
You barely miss Purgy.
Purgy is severely wounded.
Purgy bites you!
* * * LOW MAGIC WARNING * * *;
* * * LOW HITPOINT WARNING * * *
Purgy claws you.
* * * LOW HITPOINT WARNING * * *
Purgy claws you.
* * * LOW HITPOINT WARNING * * *
There is a stone staircase leading down here.
Purgy clenches his teeth.
Casting: Ensorcelled Hibernation (safe; 12% risk of failure)
Confirm with . or Enter, or press ? or * to list all spells.
Aiming: Ensorcelled Hibernation (safe; 12% risk of failure)
Press: ? - help, Shift-Dir - straight line, f - Purgy
Aim: Purgy (moderately wounded, chance to affect: 50%)
You miscast Ensorcelled Hibernation.
You are very lightly contaminated with residual magic.
Nothing appears to happen.
* * * LOW MAGIC WARNING * * *
Purgy bites you. Purgy barely misses you. Purgy claws you but does no damage.
Purgy hisses, "I bite!"
You hit Purgy.
Purgy is moderately wounded.
Purgy bites you but does no damage. Purgy claws you. Purgy closely misses you.
You barely miss Purgy. You bite Purgy. You drain his power.
You feel invigorated.
Purgy is moderately wounded.
Purgy bites you. Purgy barely misses you. Purgy claws you but does no damage.
Casting: Ensorcelled Hibernation (safe; 12% risk of failure)
Confirm with . or Enter, or press ? or * to list all spells.
Aiming: Ensorcelled Hibernation (safe; 12% risk of failure)
Press: ? - help, Shift-Dir - straight line, f/p - Purgy
Aim: Purgy (moderately wounded, chance to affect: 50%) Purgy looks drowsy...
* * * LOW MAGIC WARNING * * *
The helpless Purgy fails to defend himself.
You impale Purgy!! Your bite misses Purgy.
Purgy is almost dead.
You barely miss Purgy. Your bite misses Purgy.
Purgy is almost dead.
Purgy closely misses you. Purgy barely misses you. x2
You hit Purgy but do no damage.
Purgy is almost dead.
Purgy bites you. Purgy claws you but does no damage. Purgy closely misses you.
Your magical contamination has completely faded away.
You hit Purgy. You bite Purgy. You drain his power.
You feel invigorated.
Purgy is almost dead.
Purgy bites you. Purgy claws you.
* * * LOW HITPOINT WARNING * * *
Purgy claws you.
* * * LOW HITPOINT WARNING * * *
You barely miss Purgy. You bite Purgy. You drain his power.
You feel invigorated.
Purgy is almost dead.
Purgy misses you. Purgy claws you. x2
You hit Purgy but do no damage. You bite Purgy. You drain his power.
You feel invigorated.
Purgy is almost dead.
Purgy closely misses you. Purgy claws you. Purgy barely misses you.
You hit Purgy but do no damage.
Purgy is almost dead.
Purgy bites you!
* * * LOW HITPOINT WARNING * * *
Purgy barely misses you. Purgy claws you.
* * * LOW HITPOINT WARNING * * *
You closely miss Purgy.
Purgy is almost dead.
Purgy looks around nervously.
Purgy bites you.
* * * LOW HITPOINT WARNING * * *
Purgy barely misses you. Purgy claws you but does no damage.
Casting: Ensorcelled Hibernation (safe; 12% risk of failure)
Confirm with . or Enter, or press ? or * to list all spells.
Aiming: Ensorcelled Hibernation (safe; 12% risk of failure)
Press: ? - help, Shift-Dir - straight line, f - you, p - Purgy
Okay, then.
You hit Purgy. You bite Purgy.
You kill Purgy!
The troll leather armour {Purgy} is intact enough to wear.
You feel your strength returning.
Your Hexes skill increases to level 5!
You have reached level 6!
Your experience leads to an increase in your attributes!
Increase (S)trength, (I)ntelligence, or (D)exterity?
You feel clever.
Things that are here:
a +0 troll leather armour {Purgy}; the troll corpse of Purgy
o - a +0 troll leather armour {Purgy} You start removing your armour.
You continue taking off your +0 robe. x4
You finish taking off your +0 robe.
You start putting on your armour.
You continue putting on your +0 troll leather armour {Purgy}. x5
You finish putting on your +0 troll leather armour {Purgy}.
The armour cannot attune itself to your injured body.
Drop what? 15/52 slots (_ for help) (? for menu, Esc to quit)
You drop a +0 robe.
Your armour attunes itself to your body as you begin to regenerate more quickly.
You now have 74 gold pieces (gained 18).
Found 18 bolts.
A kobold comes into view. It is wielding a +0 whip.
Found 9 gold pieces.
A kobold is nearby!
You see here 9 gold pieces.
The helpless kobold fails to defend itself.
You impale the kobold!!
You kill the kobold!
You now have 83 gold pieces (gained 9).
Things that are here:
a +0 whip; a kobold corpse You see here 18 bolts.
Found a hand axe.
Found a stone staircase leading down.
i - 2 scrolls labelled SIXZAT MEYKHAR (gained 1)
An adder comes into view.
The helpless adder fails to defend itself.
You impale the adder!!
You kill the adder!
Your Stealth skill increases to level 6!
Found a stone staircase leading up.
You aren't wearing any rings or amulets.
You start removing your armour.
You continue taking off your +0 troll leather armour {Purgy}. x4
You finish taking off your +0 troll leather armour {Purgy}.
You start putting on your armour.
You continue putting on your +0 troll leather armour {Purgy}. x4
You finish putting on your +0 troll leather armour {Purgy}.
The armour throbs as it attunes itself to your uninjured body.
There is a stone staircase leading up here.
You open the large door.
There is a large open door here.
There is a large open door here.
A dart slug comes into view.
A dart slug is nearby!
A dart slug is nearby!
A dart slug is nearby!
You hit the dart slug but do no damage. You bite the dart slug.
You drain its power.
The dart slug is heavily wounded.
You hit the dart slug.
The dart slug is severely wounded.
The dart slug launches a dart at you.
The slug dart hits you but does no damage.
You barely miss the dart slug. You bite the dart slug. You drain its power.
The dart slug is severely wounded.
You hit the dart slug.
You kill the dart slug!
No target in view!
You now have 97 gold pieces (gained 14). 3 orcs come into view.
The orc shouts! x3
There are monsters nearby!
There are monsters nearby!
You hit the orc. You bite the orc.
You kill the orc!
Things that are here:
a +0 flail; an orc corpse The orc closely misses you.
You hit the orc.
The orc is lightly wounded.
The orc hits you with a +0 falchion.
You hit the orc but do no damage.
The orc is lightly wounded.
The orc hits you with a +0 falchion.
You hit the orc.
The orc is heavily wounded.
The orc closely misses you.
You closely miss the orc. You bite the orc, but do no damage.
The orc is heavily wounded.
The orc hits you with a +0 falchion.
You closely miss the orc.
The orc is heavily wounded.
The orc hits you with a +0 falchion.
You barely miss the orc. You bite the orc.
You kill the orc!
You barely miss the orc. The orc barely misses you.
You barely miss the orc. The orc closely misses you.
You closely miss the orc. You bite the orc, but do no damage.
The orc hits you but does no damage.
You hit the orc but do no damage. You bite the orc. You drain its power.
You feel invigorated.
The orc is moderately wounded.
The orc barely misses you.
You hit the orc but do no damage. Your bite misses the orc.
The orc is moderately wounded.
The orc hits you with a +0 club.
You hit the orc but do no damage.
The orc is moderately wounded.
The orc hits you with a +0 club.
You hit the orc but do no damage.
The orc is moderately wounded.
The orc hits you but does no damage.
You hit the orc but do no damage. Your bite misses the orc.
The orc is moderately wounded.
You barely miss the orc. You bite the orc. You drain its power.
You feel invigorated.
The orc is almost dead.
The orc barely misses you.
You hit the orc but do no damage. You bite the orc, but do no damage.
The orc is almost dead.
The orc hits you with a +0 club.
You hit the orc but do no damage.
The orc is almost dead.
The orc misses you.
You barely miss the orc. Your bite misses the orc.
The orc is almost dead.
The orc hits you but does no damage.
An orc is nearby!
You hit the orc but do no damage.
The orc is almost dead.
The orc hits you but does no damage.
You hit the orc. You bite the orc, but do no damage.
The orc is almost dead.
The orc barely misses you.
You completely miss the orc.
The orc is almost dead.
The orc misses you.
An orc is nearby!
You hit the orc.
You kill the orc!
Items here: )) [[ ††.
Items here: )) [[ ††.
Things that are here:
a +0 flail; an orc corpse
Found a stone staircase leading down.
An endoplasm and an ufetubus come into view.
There is an open door here.
A bat, a rat and a kobold come into view.
The endoplasm quivers.
The kobold shouts!
The endoplasm hits you.
You hit the endoplasm.
The endoplasm is moderately wounded.
The endoplasm hits you but does no damage.
You hit the endoplasm. You bite the endoplasm.
You kill the endoplasm!
The kobold hits you with a +0 short sword.
You barely miss the kobold. You bite the kobold.
You kill the kobold!
You hit the rat.
The rat is moderately wounded.
The rat bites you.
You hit the rat.
You kill the rat!
No target in view!
No target in view!
Things that are here:
a +0 short sword; a rat corpse; a kobold corpse An iguana and an adder come into view. 2 orcs and an orc wizard come into view.
The orc shouts!
The orc wizard shouts!
The orc shouts!
The adder hisses angrily.
You hear a shout!
An orc comes into view. It is wielding a +0 mace.
The iguana hisses angrily.
You miss the adder. Your bite misses the adder. The orc barely misses you.
The adder bites you.
The iguana hisses menacingly.
You hit the orc but do no damage. The orc closely misses you.
You hit the orc. You bite the orc.
You kill the orc!
You hit the adder. Your bite misses the adder.
The adder is moderately wounded.
The adder bites you but does no damage.
You closely miss the adder.
The adder is moderately wounded.
The adder closely misses you.
You hit the adder.
The adder is severely wounded.
The adder bites you. The adder bites you but does no damage.
You barely miss the adder. You bite the adder, but do no damage.
The adder is severely wounded.
The adder barely misses you.
You closely miss the adder. Your bite misses the adder.
The adder is severely wounded.
A goblin comes into view. It is wielding a +0 club.
The adder bites you but does no damage.
The goblin shouts!
You hit the adder.
The adder is almost dead.
The adder barely misses you.
You hit the adder.
You kill the adder!
The orc wizard mumbles some strange words.
The orc wizard flickers and vanishes!
Deactivating autopickup; reactivate with Ctrl-A.
You hit the iguana. You bite the iguana, but do no damage.
The iguana is lightly wounded.
The iguana bites you.
You hit the iguana. You bite the iguana, but do no damage.
The iguana is lightly wounded.
The iguana bites you but does no damage.
You hit the iguana. You bite the iguana, but do no damage.
The iguana is lightly wounded.
The iguana bites you!
You hit the iguana but do no damage.
The iguana is lightly wounded.
The iguana bites you!
* * * LOW HITPOINT WARNING * * *
Casting: Ensorcelled Hibernation (safe; 14% risk of failure)
Confirm with . or Enter, or press ? or * to list all spells.
Aiming: Ensorcelled Hibernation (safe; 14% risk of failure)
Press: ? - help, Shift-Dir - straight line, f - iguana
Aim: an iguana (lightly wounded, chance to affect: 50%)
The iguana looks drowsy...
The helpless iguana fails to defend itself.
You impale the iguana!!
You kill the iguana!
You hit something. Your bite misses something.
The orc throws a boomerang.
The boomerang misses you.
The orc throws a boomerang.
The boomerang closely misses you.
The ufetubus shouts!
The orc throws a boomerang.
The boomerang barely misses you. The bat misses you. Something hits you.
The orc throws a boomerang.
The boomerang hits you but does no damage.
The bat hits you. The bat hits you but does no damage.
The ufetubus barely misses you. x2
There is an open door here.
The bat barely misses you. The bat misses you.
You swing at nothing.
The bat hits you but does no damage.
You closely miss the bat. Your bite misses the bat.
The bat hits you but does no damage. The bat completely misses you.
You hit the bat.
You kill the bat!
You closely miss the ufetubus. The ufetubus closely misses you.
The ufetubus hits you but does no damage.
The ufetubus misses you. The ufetubus barely misses you.
Casting: Ensorcelled Hibernation (safe; 13% risk of failure)
Confirm with . or Enter, or press ? or * to list all spells.
You can't see any susceptible monsters within range! (Use Z to cast anyway.) Unknown command.
You hit the ufetubus but do no damage. The ufetubus completely misses you.
The ufetubus misses you.
You miss the ufetubus. Your bite misses the ufetubus.
An orc wizard appears from thin air!
Reactivating autopickup.
The ufetubus closely misses you. The ufetubus hits you. x3
You hit the ufetubus but do no damage.
The ufetubus hits you but does no damage. x2
You hit the ufetubus. Your bite misses the ufetubus.
The ufetubus is moderately wounded.
The ufetubus hits you but does no damage.
The ufetubus barely misses you.
You barely miss the ufetubus. Your bite misses the ufetubus.
The ufetubus is moderately wounded.
The ufetubus barely misses you. The ufetubus closely misses you.
The ufetubus barely misses you. x2
You miss the ufetubus.
The ufetubus is moderately wounded.
The ufetubus hits you but does no damage. x2
You miss the ufetubus. You bite the ufetubus. You drain its power.
You feel invigorated.
The ufetubus is almost dead.
The ufetubus barely misses you. The ufetubus misses you.
You hit the ufetubus.
You kill the ufetubus!
You closely miss the orc. The orc barely misses you.
You hit the orc.
The orc is lightly wounded.
The orc hits you but does no damage.
You hit the orc but do no damage.
The orc is lightly wounded.
The orc hits you with a +0 club.
You completely miss the orc.
The orc is lightly wounded.
The orc hits you with a +0 club.
You barely miss the orc.
The orc is lightly wounded.
The orc barely misses you.
You closely miss the orc. You bite the orc. You drain its power.
The orc is moderately wounded.
You hit the orc wizard but do no damage.
The orc wizard is moderately wounded.
Casting: Ensorcelled Hibernation (safe; 13% risk of failure)
Confirm with . or Enter, or press ? or * to list all spells.
Aiming: Ensorcelled Hibernation (safe; 13% risk of failure)
Press: ? - help, Shift-Dir - straight line, f - orc wizard
Aim: an orc wizard, wielding a +0 dagger and wearing a +0 robe (moderately wounded, chance to affect: 41%)
You miscast Ensorcelled Hibernation.
You are very lightly contaminated with residual magic.
Nothing appears to happen.
The orc wizard hits you with a +0 dagger.
You hit the orc wizard but do no damage.
The orc wizard is moderately wounded.
The orc wizard barely misses you.
Casting: Ensorcelled Hibernation (safe; 13% risk of failure)
Confirm with . or Enter, or press ? or * to list all spells.
Aiming: Ensorcelled Hibernation (safe; 13% risk of failure)
Press: ? - help, Shift-Dir - straight line, f/p - orc wizard
Aim: an orc wizard, wielding a +0 dagger and wearing a +0 robe (moderately wounded, chance to affect: 41%)
The orc wizard resists with some effort.
The orc wizard hits you with a +0 dagger.
You hit the orc wizard but do no damage.
The orc wizard is moderately wounded.
The orc wizard hits you with a +0 dagger.
Casting: Ensorcelled Hibernation (safe; 13% risk of failure)
Confirm with . or Enter, or press ? or * to list all spells.
Aiming: Ensorcelled Hibernation (safe; 13% risk of failure)
Press: ? - help, Shift-Dir - straight line, f/p - orc wizard
Aim: an orc wizard, wielding a +0 dagger and wearing a +0 robe (moderately wounded, chance to affect: 41%)
The orc wizard resists with some effort.
The orc wizard closely misses you.
You closely miss the orc wizard.
The orc wizard is moderately wounded.
The orc wizard hits you with a +0 dagger.
Casting: Ensorcelled Hibernation (safe; 13% risk of failure)
Confirm with . or Enter, or press ? or * to list all spells.
Aiming: Ensorcelled Hibernation (safe; 13% risk of failure)
Press: ? - help, Shift-Dir - straight line, f/p - orc wizard
Aim: an orc wizard, wielding a +0 dagger and wearing a +0 robe (moderately wounded, chance to affect: 41%)
The orc wizard looks drowsy...
* * * LOW MAGIC WARNING * * *
The helpless orc wizard fails to defend itself.
You impale the orc wizard!!
You kill the orc wizard!
The orc throws a boomerang.
The boomerang hits you.
Your magical contamination has completely faded away.
You hit the goblin.
You kill the goblin!
The orc throws a boomerang.
The boomerang hits you.
You hit the orc. Your bite misses the orc.
The orc is moderately wounded.
The orc hits you with a +0 mace.
You hit the orc.
The orc is heavily wounded.
The orc barely misses you.
You hit the orc.
The orc is heavily wounded.
You hit the orc.
You kill the orc!
You hit the orc.
The orc is heavily wounded.
The orc hits you with a +0 club.
You hit the orc.
The orc is heavily wounded.
You closely miss the orc.
The orc is heavily wounded.
The orc misses you.
You barely miss the orc.
The orc is heavily wounded.
The orc closely misses you.
You hit the orc but do no damage. Your bite misses the orc.
The orc is heavily wounded.
The orc hits you but does no damage.
You hit the orc but do no damage.
The orc is heavily wounded.
The orc hits you with a +0 club.
You completely miss the orc.
The orc is heavily wounded.
The orc barely misses you.
You barely miss the orc.
The orc is heavily wounded.
The orc hits you with a +0 club.
* * * LOW MAGIC WARNING * * *
Casting: Ensorcelled Hibernation (safe; 13% risk of failure)
Confirm with . or Enter, or press ? or * to list all spells.
You don't have enough magic to cast this spell.
Unknown command.
You hit the orc. You bite the orc, but do no damage.
The orc is almost dead.
The orc hits you with a +0 club.
You barely miss the orc.
The orc is almost dead.
The orc closely misses you.
You closely miss the orc.
The orc is almost dead.
The orc hits you but does no damage.
You hit the orc.
You kill the orc!
Items here: (( ))))) [[ †.
Okay, then.
There is an open door here.
A frilled lizard comes into view.
A frilled lizard is nearby!
A frilled lizard is nearby!
A frilled lizard is nearby!
The frilled lizard hisses angrily.
You miss the frilled lizard. You bite the frilled lizard.
You kill the frilled lizard!
No target in view!
No target in view!
Things that are here:
a +0 hand axe; a +0 scale mail; an adder corpse You open the door.
A kobold comes into view. It is wielding a +0 club.
Found a metallic inky potion and the +0 mask of the Dragon {Will+ Slay+3 SInv}.
A kobold is nearby!
An adder comes into view.
The adder hisses angrily.
There is an open door here.
The kobold shouts!
The adder bites you.
You hit the adder. You bite the adder. You drain its power.
The adder is moderately wounded.
The adder barely misses you.
You miss the adder.
The adder is moderately wounded.
The kobold barely misses you. The adder closely misses you.
You closely miss the adder.
The adder is moderately wounded.
The adder bites you but does no damage. The kobold hits you with a +0 club.
You miss the adder.
The adder is moderately wounded.
The adder barely misses you. The kobold closely misses you.
The adder looks drowsy...
The kobold hits you but does no damage.
The helpless adder fails to defend itself.
You impale the adder!!
You kill the adder!
The kobold closely misses you.
You barely miss the kobold. You closely miss the kobold.
The kobold barely misses you.
You hit the kobold.
You kill the kobold!
No target in view!
No target in view!
Things that are here:
a +0 club; a kobold corpse
b - the +0 mask of the Dragon {Will+ Slay+3 SInv} You start putting on your armour.
You continue putting on the +0 mask of the Dragon {Will+ Slay+3 SInv}. x4
You finish putting on the +0 mask of the Dragon {Will+ Slay+3 SInv}.
p - a metallic inky potion
There is an open door here.
There is an open door here.
q - 2 orange potions Done exploring.
Done exploring.
Done exploring.
Search for what [? for help]? dagger Search for what [Enter for "dagger", or ? for help]? short Done exploring.
Done exploring.
Done exploring.
(D) Dungeon
Where to? (Enter - D:3, ? - help)
There is a stone staircase leading down here.
You climb downwards.
There is a stone staircase leading up here.
Found a chain mail.
A giant cockroach comes into view.
A giant cockroach is nearby!
The giant cockroach bites you but does no damage.
You closely miss the giant cockroach.
The giant cockroach bites you but does no damage.
A giant cockroach is nearby!
You hit the giant cockroach.
You bite the giant cockroach, but do no damage.
The giant cockroach is moderately wounded.
The giant cockroach barely misses you.
You closely miss the giant cockroach. You bite the giant cockroach.
You drain its power.
The giant cockroach is heavily wounded.
The giant cockroach closely misses you.
You hit the giant cockroach.
The giant cockroach is severely wounded.
The giant cockroach bites you but does no damage.
You closely miss the giant cockroach.
The giant cockroach is severely wounded.
The giant cockroach bites you but does no damage.
You barely miss the giant cockroach.
The giant cockroach is severely wounded.
The giant cockroach bites you.
You closely miss the giant cockroach.
The giant cockroach is severely wounded.
The giant cockroach closely misses you. The giant cockroach barely misses you.
You barely miss the giant cockroach. Your bite misses the giant cockroach.
The giant cockroach is heavily wounded.
The giant cockroach bites you but does no damage.
You hit the giant cockroach.
You bite the giant cockroach, but do no damage.
The giant cockroach is severely wounded.
The giant cockroach bites you but does no damage.
You hit the giant cockroach.
You kill the giant cockroach!
No target in view!
No target in view!
Found 17 stones.
You see here a +0 chain mail.
You now have 111 gold pieces (gained 14).
Found a hand axe.
You now have 125 gold pieces (gained 14).
An orc comes into view. It is wielding a +0 mace.
Found an escape hatch in the floor.
You hit the orc. You bite the orc. You drain its power.
The orc is moderately wounded.
The orc hits you with a +0 mace.
You hit the orc.
You kill the orc!
No target in view!
No target in view!
Things that are here:
a +0 mace; a +0 leather armour
Found a stone staircase leading down.
r - a scroll labelled LAFUNA CIFAIPN You now have 132 gold pieces (gained 7).
No target in view!
No target in view!
No target in view!
You now have 142 gold pieces (gained 10).
An adder comes into view.
An adder is nearby!
An adder is nearby!
The adder hisses angrily.
You closely miss the adder. You bite the adder. You drain its power.
The adder is moderately wounded.
The adder bites you but does no damage.
You hit the adder.
The adder is heavily wounded.
The adder closely misses you.
You hit the adder.
The adder is severely wounded.
The adder closely misses you.
You hit the adder.
The adder is severely wounded.
The adder bites you.
You hit the adder.
You kill the adder!
No target in view!
No target in view!
Magic restored.
You now have 146 gold pieces (gained 4).
s - an amulet of magic regeneration You open the door.
There is an open door here.
There is an open door here.
Found a stone staircase leading down.
A ball python comes into view.
The ball python hisses angrily.
You puncture the ball python!
You kill the ball python!
No target in view!
No target in view!
An iguana comes into view.
Found a stone staircase leading up.
The iguana hisses angrily.
An iguana is nearby!
An iguana is nearby!
An endoplasm comes into view.
A quokka comes into view.
You hit the iguana.
The iguana is moderately wounded.
The endoplasm quivers.
The iguana bites you!
You are too injured to fight recklessly!
You are too injured to fight recklessly!
Casting: Ensorcelled Hibernation (safe; 13% risk of failure)
Confirm with . or Enter, or press ? or * to list all spells.
Aiming: Ensorcelled Hibernation (safe; 13% risk of failure)
Press: ? - help, Shift-Dir - straight line, f - iguana
Aim: an iguana (moderately wounded, chance to affect: 50%)
The iguana looks drowsy...
The helpless iguana fails to defend itself.
You impale the iguana!!
You kill the iguana!
You barely miss the quokka. Your bite misses the quokka.
The quokka completely misses you.
You closely miss the quokka. The quokka bites you.
You hit the quokka. You bite the quokka.
You kill the quokka!
The endoplasm jiggles.
You see here a quokka corpse.
You hit the endoplasm but do no damage.
You bite the endoplasm, but do no damage.
The endoplasm freezes you.
You are frozen.
You hit the endoplasm.
The endoplasm is moderately wounded.
The endoplasm completely misses you.
You hit the endoplasm.
The endoplasm is heavily wounded.
The endoplasm freezes you.
You are frozen.
You hit the endoplasm.
You kill the endoplasm!
You see here a quokka corpse.
Okay, then.
This spell is quite dangerous to cast!
Memorise Confusing Touch, consuming 3 spell levels and leaving 4?
You start memorising the spell.
You continue memorising. x3
You finish memorising.
Spell assigned to 'b'.
This spell is quite dangerous to cast!
Memorise Tukima's Dance, consuming 3 spell levels and leaving 1?
You start memorising the spell.
You continue memorising. x3
You finish memorising.
Spell assigned to 'c'.
Okay, then.
Okay, then.
You see here a quokka corpse.
There is a stone staircase leading up here.
You open the door.
There is an open door here.
There is an open door here.
Found a staircase to the Ecumenical Temple.
An adder comes into view.
An adder is nearby!
An adder is nearby!
(D) Dungeon (T) Temple
Where to? (Enter - D:4, ? - help)
There is a staircase to the Ecumenical Temple here.
You climb downwards.
Welcome to the Ecumenical Temple!
Found a basalt altar of Yredelemnul.
There is a staircase back to the Dungeon here.
Found two altars.
Found a hazy altar of Hepliaklqana.
Found two altars.
Found a shimmering blue altar of Sif Muna.
Key pressed, stopping explore.
Found a shadowy altar of Dithmenos.
Found a bloodstained altar of Trog.
Found a sacrificial altar of Ru.
Found an opulent altar of Gozag and an iron altar of Okawaru.
Found a hide-covered altar of Uskayaw.
Done exploring.
Done exploring.
Done exploring.
Done exploring.
Done exploring.
Done exploring.
Done exploring.
Done exploring.
Done exploring.
Done exploring.
Done exploring.
Done exploring.
Done exploring.
Done exploring.
Done exploring.
Done exploring.
Done exploring.
Done exploring.
There is a staircase back to the Dungeon here.
There is an ancient bone altar of Kikubaaqudgha here.
You kneel at the altar of Kikubaaqudgha.
Kikubaaqudgha welcomes you!
(D) Dungeon (T) Temple
Where to? (Enter - Temple, ? - help)
There is a staircase back to the Dungeon here.
You climb upwards.
Welcome back to the Dungeon!
There is a staircase to the Ecumenical Temple here.
Unknown command.
An adder is nearby!
An adder is nearby!
The adder hisses angrily.
You hit the adder.
The adder is moderately wounded.
The adder bites you.
You are poisoned.
The adder poisons you!
You hit the adder.
The adder is heavily wounded.
You feel sick. The adder barely misses you.
You miss the adder.
The adder is heavily wounded.
You feel sick. The adder bites you. The adder closely misses you.
You hit the adder. Your bite misses the adder.
The adder is almost dead.
You feel sick. The adder closely misses you.
You puncture the adder!
You kill the adder!
Kikubaaqudgha accepts your kill.
You feel sick.
No target in view!
HP restored.
You feel sick.
You are no longer poisoned.
e - 2 emerald potions (gained 1)
An adder skeleton comes into view.
An adder skeleton is nearby!
An adder skeleton is nearby!
An adder skeleton is nearby!
Found 27 stones.
A lemure comes into view. 2 lemures come into view.
The lemure shouts! x3; You hear a shout!
Pikel the Slaver comes into view.
He is wielding a +1 whip of freezing, wearing a +0 robe of willpower and carrying a wand of iceblast (12).
A lemure comes into view.
Found 6 gold pieces.
You see here 27 stones.
The lemure shouts!
There is a stone staircase leading up here.
The lemure hits you!
You climb upwards.
There is a stone staircase leading down here.
Unknown command.
Casting: Ensorcelled Hibernation (safe; 12% risk of failure)
Confirm with . or Enter, or press ? or * to list all spells.
Aiming: Ensorcelled Hibernation (safe; 12% risk of failure)
Press: ? - help, Shift-Dir - straight line, f - lemure
Aim: a lemure (chance to affect: 42%)
The lemure resists with some effort.
The lemure hits you!
Casting: Ensorcelled Hibernation (safe; 12% risk of failure)
Confirm with . or Enter, or press ? or * to list all spells.
Aiming: Ensorcelled Hibernation (safe; 12% risk of failure)
Press: ? - help, Shift-Dir - straight line, f/p - lemure
Aim: a lemure (chance to affect: 42%)
The lemure resists with some effort.
The lemure closely misses you.
Casting: Ensorcelled Hibernation (safe; 12% risk of failure)
Confirm with . or Enter, or press ? or * to list all spells.
Aiming: Ensorcelled Hibernation (safe; 12% risk of failure)
Press: ? - help, Shift-Dir - straight line, f/p - lemure
Aim: a lemure (chance to affect: 42%)
The lemure looks drowsy...
* * * LOW MAGIC WARNING * * *
The helpless lemure fails to defend itself.
You perforate the lemure like a sieve!!!
You kill the lemure!
That felt strangely unrewarding.
You start resting.
Magic restored.
You climb downwards.
Level annotation: Pikel The lemure hits you.
There is a stone staircase leading up, spattered with blood here.
The lemure looks drowsy...
The helpless lemure fails to defend itself.
You impale the lemure!!
You kill the lemure!
That felt strangely unrewarding.
The lemure looks drowsy...
The helpless lemure fails to defend itself.
You stick the lemure like a pincushion!!!
You kill the lemure!
That felt strangely unrewarding.
You miscast Ensorcelled Hibernation.
You are very lightly contaminated with residual magic.
Nothing appears to happen.
The lemure closely misses you.
The lemure resists with some effort.
* * * LOW MAGIC WARNING * * *
The lemure hits you.
You barely miss the lemure. The lemure misses you.
The lemure closely misses you.
You climb upwards.
There is a stone staircase leading down here.
You hit the lemure. You bite the lemure, but do no damage.
The lemure is lightly wounded.
The lemure closely misses you.
You hit the lemure. You bite the lemure, but do no damage.
The lemure is moderately wounded.
The lemure hits you but does no damage.
The lemure resists with some effort.
* * * LOW MAGIC WARNING * * *
The lemure hits you.
Your magical contamination has completely faded away.
You puncture the lemure! You bite the lemure. You drain its power.
You feel invigorated.
The lemure is severely wounded.
You barely miss the lemure.
The lemure is severely wounded.
The lemure barely misses you.
You hit the lemure. You bite the lemure, but do no damage.
The lemure is almost dead.
The lemure barely misses you.
The lemure looks drowsy...
* * * LOW MAGIC WARNING * * *
The helpless lemure fails to defend itself.
You impale the lemure!!
You kill the lemure!
That felt strangely unrewarding.
No target in view!
You start resting.
Magic restored.
You climb downwards.
Level annotation: Pikel
There is a stone staircase leading up, spattered with blood here.
You see here 27 stones.
Pikel is nearby!
Pikel is nearby!
Pikel is nearby!
Pikel shouts!
Pikel says, "You'll make a fine lemure."
Pikel zaps a wand.
The mass of ice explodes!
The iceblast engulfs you!
Pikel resists with almost no effort.
Pikel resists with almost no effort.
Pikel looks drowsy...
The helpless Pikel fails to defend himself.
You impale Pikel!!
Pikel is severely wounded.
Pikel hits you with a +1 whip of freezing.
Pikel freezes you.
You completely miss Pikel. You bite Pikel, but do no damage.
Pikel is severely wounded.
Pikel hits you with a +1 whip of freezing!
Pikel freezes you.
Casting: Ensorcelled Hibernation (safe; 12% risk of failure)
Confirm with . or Enter, or press ? or * to list all spells.
Aiming: Ensorcelled Hibernation (safe; 12% risk of failure)
Press: ? - help, Shift-Dir - straight line, f - you, p - Pikel That would be overly suicidal.
Okay, then.
You closely miss Pikel.
Pikel is severely wounded.
Pikel hits you with a +1 whip of freezing.
Pikel freezes you.
You hit Pikel.
Pikel is severely wounded.
You hit Pikel but do no damage.
Pikel is severely wounded.
Pikel hits you with a +1 whip of freezing!
* * * LOW MAGIC WARNING * * *;
* * * LOW HITPOINT WARNING * * *
Pikel freezes you.
* * * LOW HITPOINT WARNING * * *
You aren't carrying any items that you can evoke.
Okay, then.
Pikel zaps a wand.
The mass of ice explodes!
The iceblast engulfs you!!
* * * LOW MAGIC WARNING * * *
Ouch! That really hurt!
You die...
Kikubaaqudgha rasps: "You have failed me!
Welcome... death!"

#... #.#+##......<#
##.######
#......#######
#....#
#............. ....
#......#######
####.###......# #
#....(...###### #
#.##.###############
#Z...............#
#.@##............#
#..##.#########..#
#K.##.# #..#
####+#+#..##.# #..#
#..$......##.# #..#
#.........##.# #..##
#.........##.# #..#.
#.........##.# #..#.
#.........+... #..#.


You could see Pikel and an adder skeleton.

Vanquished Creatures
  Purgy (D:3)
  4 lemures
  An orc priest (D:3)
  2 iguanas
  An orc wizard (D:3)
  4 gnolls (D:2)
  7 adders
  An ufetubus (D:3)
  A worm (D:2)
  4 dart slugs
  11 orcs
  5 bats
  7 endoplasms
  2 giant cockroaches
  4 goblins
  10 hobgoblins
  2 jackals (D:1)
  2 quokkas
  6 ball pythons
  A frilled lizard (D:3)
  7 kobolds
  7 rats
90 creatures vanquished.

Notes
Turn   | Place    | Note
-------+----------+-------------------------------------------
     0 | D:1      | sleeves the Vine Stalker Enchanter began the quest for the
                  | Orb.
     0 | D:1      | Reached XP level 1. HP: 9/9 MP: 4/4
   107 | D:1      | Reached skill level 1 in Short Blades
   150 | D:1      | Reached XP level 2. HP: 13/13 MP: 6/6
   263 | D:1      | Reached skill level 4 in Stealth
   333 | D:1      | Found a faded altar of an unknown god.
   629 | D:1      | Reached XP level 3. HP: 16/16 MP: 7/7
   758 | D:1      | HP: 8/16 [hobgoblin (1)]
   764 | D:1      | HP: 5/16 [frozen (2)]
  1335 | D:2      | You fall into a shaft and drop 1 floor!
  1388 | D:2      | Reached skill level 2 in Short Blades
  1748 | D:2      | Learned a level 2 spell: Ensorcelled Hibernation
  1804 | D:2      | HP: 8/16 [poisoned by an adder]
  1806 | D:2      | HP: 3/16 [poisoned by an adder]
  1807 | D:2      | HP: 1/16 [poisoned by an adder]
  1813 | D:2      | Gained mutation: Your natural rate of healing is unusually
                  | fast. [Vine Stalker growth]
  1813 | D:2      | Reached XP level 4. HP: 2/21 MP: 8/8
  1950 | D:2      | Reached skill level 4 in Hexes
  2581 | D:3      | HP: 10/21 [orc priest/divine providence (11)]
  2581 | D:3      | HP: 2/21 [orc (4)]
  2597 | D:2      | HP: 10/21 [orc (4)]
  2614 | D:2      | Reached XP level 5. HP: 24/24 MP: 6/9
  2662 | D:3      | Noticed Purgy
  2665 | D:3      | Reached skill level 5 in Stealth
  2861 | D:3      | HP: 10/24 [Purgy (3)]
  2865 | D:3      | HP: 4/24 [Purgy (3)]
  2886 | D:3      | HP: 12/24 [Purgy (1)]
  2891 | D:3      | Killed Purgy
  2892 | D:3      | Reached skill level 5 in Hexes
  2892 | D:3      | Reached XP level 6. HP: 12/28 MP: 3/10
  3023 | D:3      | Reached skill level 6 in Stealth
  3345 | D:3      | HP: 11/28 [iguana (11)]
  3503 | D:3      | Found the +0 mask of the Dragon {Will+ Slay+3 SInv}
  3863 | D:4      | sleeves: ??confusing touch
  3863 | D:4      | beem: confusing touch[1/2]: A L3 Hexes spell that
                  | {confuse}s a monster when you successfully melee it and if
                  | doesn't resist with its {willpower}. Casting the spell
                  | gives you a duration for 10 + d(power) / 5 (max 20) turns,
                  | during which your attacks do no damage. The duration is
                  | removed upon successful confusion. Found in the {book of
                  | maledictions}.
  3867 | D:4      | Learned a level 3 spell: Confusing Touch
  3871 | D:4      | Learned a level 3 spell: Tukima's Dance
  3935 | D:4      | Found a staircase to the Ecumenical Temple.
  3992 | Temple   | Entered the Ecumenical Temple
  4095 | Temple   | Became a worshipper of Kikubaaqudgha
  4209 | D:4      | Noticed Pikel
  4431 | D:4      | HP: 14/28 [Pikel (10)]
  4432 | D:4      | Killed from afar by Pikel

Illustrated notes

Levels and vault maps discovered:
D:1:      minmay_arrival_split_and_join, layout_loops_ring,
          shapermc_ecumenical_altar_mp_highgroup
D:2:      layout_loops_corners
D:3:      minmay_octagon_keep, layout_loops_cross, kennysheep_generic_room_15,
          uniq_purgy
D:4:      layout_basic, doesnt_xom_only_xom,
          mainiacjoe_overflow_surrounded_room, minmay_temple_entry_poolview,
          uniq_pikel
Temple:   dshaligram_water_room_temple

Skill      XL: |  1  2  3  4  5  6 |
---------------+-------------------+-----
Short Blades   | 1 2 |  2.1
Stealth        | 4 5 6 |  6.7
Hexes          | 4 5 |  5.6
Dodging        | |  1.5
Spellcasting   | |  2.1

Action                   |  1- 3 |  4- 6 || total
-------------------------+-------+-------++-------
Melee: Dagger            |   106 |   237 ||   343
       Pseudopods        |    23 |    52 ||    75
 Cast: Ensorcelled Hiber |     2 |    35 ||    37
  Use: Potion            |     3 |       ||     3
 Stab: Sleeping          |    10 |    22 ||    32
       Distracted        |     1 |     1 ||     2
       Invisible         |     1 |       ||     1
Armor: Robe              |    12 |    12 ||    24
       Troll leather arm |       |    33 ||    33
Dodge: Dodged            |    65 |   129 ||   194

Table legend: (Time is in decaauts)
 A = Elapsed time spent in this place.
 B = Non-inter-level travel time spent in this place.
 C = Inter-level travel time spent in this place.
 D = Time resting spent in this place.
 E = Time spent auto-exploring this place.
 F = Levels seen in this place.
 G = Mean time per level.
                   A        B        C        D        E       F      G
               +--------+--------+--------+--------+--------+-----+--------+
         Total |   4403 |   4242 |    161 |    181 |   3129 |   5 |  880.6 |
       Dungeon |   4290 |   4139 |    151 |    181 |   3069 |   4 | 1072.5 |
        Temple |    112 |    103 |      9 |      0 |     60 |   1 |  112.0 |
               +--------+--------+--------+--------+--------+-----+--------+

Top non-repeatable levels by time:
     D:2: 1320 daAuts
     D:1: 1272 daAuts
     D:3: 1178 daAuts
     D:4: 519 daAuts
  Temple: 112 daAuts
